 Dungeon Crawl Stone Soup version 0.20.0-15-g7f486f2 (webtiles) character file.

18970 gamba the Blocker (level 12, -24/111 HPs)
             Began as a Troll Wanderer on June 29, 2017.
             Was a Priest of Makhleb.
             Killed from afar by a vampire mage (27 damage)
             ... with a bolt of negative energy
             ... on level 12 of the Dungeon.
             The game lasted 00:21:16 (11112 turns).

gamba the Blocker (Troll Wanderer)                 Turns: 11112, Time: 00:21:16

Health: -24/111    AC: 12    Str: 23    XL:     12   Next: 32%
Magic:  24/24      EV: 18    Int:  7    God:    Makhleb [***...]
Gold:   715        SH: 12    Dex: 19    Spells: 11/11 levels left

rFire    . . .     SeeInvis .     - Unarmed
rCold    . . .     Gourm    +   w - +0 shield
rNeg     . . .     Faith    .   a - +2 robe
rPois    .         Spirit   .   x - +2 hat
rElec    .         Reflect  .   t - +2 cloak
rCorr    .         Harm     .   (gloves unavailable)
MR       .....                  (boots unavailable)
Stlth    +++.......             B - amulet of rage
Regen    0.7/turn               h - ring of magical power
MPRegen  0.2/turn               (no ring)

@: agile, berserk cooldown, slowed, drained, very slow
A: unfitting armour, claws 3, fast metabolism 3, gourmand, regeneration 1,
shaggy fur 1, tough skin 2
a: Minor Destruction, Lesser Servant of Makhleb, Renounce Religion, Evoke
Berserk Rage


You were on level 12 of the Dungeon.
You worshipped Makhleb.
Makhleb was most pleased with you.
You were not hungry.

You visited 1 branch of the dungeon, and saw 12 of its levels.

You collected 860 gold pieces.
You spent 145 gold pieces at shops.

Inventory:

Hand Weapons
 b - a +0 hand axe
 C - a +4 hand crossbow
 K - a +0 flail of electrocution
 P - a +0 whip of freezing
Missiles
 k - 281 stones
 o - 2 poisoned tomahawks
 R - 8 large rocks (quivered)
Armour
 a - a +2 robe (worn)
 t - a +2 cloak (worn)
 u - a cursed +0 large shield
 w - a +0 shield (worn)
 x - a +2 hat (worn)
Jewellery
 h - a ring of magical power (left claw)
 r - a +5 ring of strength {unknown}
 v - an uncursed ring of loudness
 z - an uncursed ring of positive energy
 B - an amulet of rage (around neck)
 E - an uncursed amulet of regeneration {unknown}
Wands
 g - a wand of paralysis (11/24)
 N - a wand of iceblast (14/15)
 O - a wand of confusion (27/48)
 S - a wand of flame (35/48)
 T - a wand of polymorph (10/24)
Scrolls
 p - 3 scrolls of fog
 s - 2 scrolls of identify
 y - 6 scrolls of remove curse
 F - a scroll of recharging
 G - a scroll of enchant armour
 H - 2 scrolls of magic mapping
 I - 2 scrolls of amnesia
Potions
 c - 5 potions of lignification
 e - 2 potions of degeneration
 i - a potion of resistance
 j - 4 potions of might
 l - 2 potions of flight
 n - 2 potions of curing
 A - a potion of agility
 J - a potion of mutation {unknown}
Books
 D - a book of Flames

   Spells                             Type                      Level
   a - Flame Tongue                   Conjuration/Fire             1
   b - Throw Flame                    Conjuration/Fire             2
   c - Conjure Flame                  Conjuration/Fire             3
   d - Inner Flame                    Hexes/Fire                   3
   e - Sticky Flame                   Conjuration/Fire             4
   f - Fireball                       Conjuration/Fire             5
 L - a book of Misfortune

   Spells                             Type                      Level
   a - Confusing Touch                Hexes                        1
   b - Confuse                        Hexes                        3
   c - Gell's Gravitas                Translocation                3
   d - Petrify                        Transmutation/Earth          4
   e - Metabolic Englaciation         Hexes/Ice                    5
   f - Yara's Violent Unravelling     Hexes/Transmutation          5
 M - a book of Maledictions

   Spells                             Type                      Level
   a - Corona                         Hexes                        1
   b - Ensorcelled Hibernation        Hexes/Ice                    2
   c - Confuse                        Hexes                        3
   d - Tukima's Dance                 Hexes                        3
   e - Dazzling Spray                 Conjuration/Hexes            3
Comestibles
 d - 14 bread rations
 f - 3 royal jellies
 m - 9 meat rations
 q - 16 fruits


   Skills:
 + Level 5.6(5.0) Fighting
 - Level 2.4(1.8) Axes
 - Level 1.0(0.4) Throwing
 + Level 5.2(4.6) Dodging
 + Level 11.6(10.8) Shields
 - Level 10.0(9.3) Unarmed Combat
 - Level 5.8(5.2) Evocations


You had 11 spell levels left.
You didn't know any spells.

Dungeon Overview and Level Annotations

Branches:
Dungeon (12/15)            Temple (0/1) D:7            Lair (0/6) D:11
    Orc (0/2) D:10

Altars:
Cheibriados
Dithmenos
Elyvilon
Gozag
Hepliaklqana
Makhleb
Nemelex Xobeh
Okawaru
Qazlal
Ru
Uskayaw
Vehumet
Xom

Shops:
D:5 [   D:10 *

Annotations:
D:10 exclusion: ice statue


Innate Abilities, Weirdness & Mutations

You are too large for most types of armour.
You have claws for hands.
Your metabolism is lightning-fast.
You like to eat raw meat.
Your natural rate of healing is unusually fast.
You are covered in fur. (AC +1)
You have very tough skin. (AC +2)


Message History

The orc wizard gestures at you while chanting.
The magic dart hits you!
* * * LOW HITPOINT WARNING * * *
The jiangshi barely misses you. The jiangshi claws you!
* * * LOW HITPOINT WARNING * * *
The jiangshi draws strength from your injuries!
The orc wizard points at you and mumbles some strange words.
The magic dart hits you!
* * * LOW HITPOINT WARNING * * *
The orc wizard hits you but does no damage.
The orc wizard gestures at you while chanting.
The magic dart hits you!
* * * LOW HITPOINT WARNING * * *
You block the jiangshi's attack. The jiangshi misses you.
You hear some strange, mumbled words.
A bolt of negative energy appears from out of thin air!
The bolt of negative energy hits the jiangshi.
The jiangshi completely resists.
The bolt of negative energy hits you!
You feel drained.
You die...

####.# #...... #....#
#...... #.####
#...... #.# #......
#.# #...... ###+##
###### ###.# #......
..... ....####...#
.####(.####..#.o#⌠..#
.o.V...e.e.e.#V@'...#
.####..####.N).)#⌠..#
.........WE#..+...#
####..####..#..#⌠.##
... ....####..# #'##
###### #### #. +.


You could see a jiangshi, an earth elemental, a naga mage, a hungry ghost and an
orc wizard.

Vanquished Creatures
  Snorg (D:10)
  The ghost of vishdafish the Thaumaturge, a novice DrEE of Vehumet (D:9)
  4 two-headed ogres
  Pikel (D:8)
  An ugly thing (D:11)
  3 deep elf magi
  2 cyclopes
  Joseph (D:7)
  A naga mage (D:12)
  A gargoyle (D:10)
  2 trolls
  Grinder (D:2)
  4 hippogriffs
  12 yaks
  A wyvern (D:10)
  A basilisk (D:11)
  A hungry ghost (D:7)
  3 water moccasins
  Duvessa (D:4)
  A slave (D:8)
  6 ice beasts
  4 orc warriors
  3 phantoms
  A black bear (D:10)
  A necrophage (D:11)
  4 sky beasts
  6 ogres
  10 centaurs
  3 crocodiles
  4 big kobolds
  2 bullfrogs
  2 scorpions
  Dowan (D:4)
  9 killer bees
  14 wights
  4 howler monkeys
  10 crimson imps
  A bullfrog zombie (D:9)
  3 centaur zombies
  5 orc priests
  A centaur skeleton (D:8)
  A gnoll shaman (D:5)
  4 hounds
  2 jellies
  6 iguanas
  10 orc wizards
  10 worker ants
  2 killer bee zombies
  11 gnolls
  A howler monkey skeleton (D:4)
  9 adders
  3 shadow imps
  An adder skeleton (D:4)
  2 worms
  3 leopard geckos
  39 orcs
  2 ball pythons
  7 giant cockroaches
  9 goblins
  8 hobgoblins
  A jackal (D:1)
  3 quokkas
  5 bats
  3 frilled lizards
  23 kobolds
  A quokka skeleton (D:4)
  8 rats
311 creatures vanquished.

Vanquished Creatures (others)
  A slave (D:8)
  A hound (D:8)
  An orc wizard (D:12)
3 creatures vanquished.

Grand Total: 314 creatures vanquished

Notes
Turn   | Place    | Note
-------+----------+-------------------------------------------
     0 | D:1      | gamba the Troll Wanderer began the quest for the Orb.
     0 | D:1      | gamba set off with: a +2 robe, a +0 hand axe, a potion of lignification, 2 bread rations
     0 | D:1      | Reached XP level 1. HP: 22/22 MP: 0/0
    43 | D:1      | Reached skill level 1 in Unarmed Combat
    97 | D:1      | Reached XP level 2. HP: 28/29 MP: 1/1
   696 | D:2      | Reached XP level 3. HP: 36/36 MP: 2/2
  1077 | D:2      | Found a sparkling altar of Nemelex Xobeh.
  1326 | D:3      | Noticed a centaur
  1356 | D:3      | Noticed Grinder
  1361 | D:2      | Reached XP level 4. HP: 44/44 MP: 3/3
  1466 | D:2      | Paralysed by Grinder for 2 turns
  1484 | D:2      | Killed Grinder
  1484 | D:2      | Reached XP level 5. HP: 35/50 MP: 4/4
  1484 | D:2      | Reached XP level 6. HP: 41/59 MP: 5/5
  2012 | D:4      | Noticed Duvessa
  2012 | D:4      | Noticed Dowan
  2016 | D:4      | Killed Dowan
  2016 | D:4      | Reached XP level 7. HP: 66/66 MP: 6/6
  2027 | D:4      | Killed Duvessa
  2114 | D:4      | Found a hide-covered altar of Uskayaw.
  2547 | D:4      | Found a shadowy altar of Dithmenos.
  2929 | D:4      | Found a shimmering altar of Xom.
  3154 | D:5      | Entered Level 5 of the Dungeon
  3161 | D:5      | Reached XP level 8. HP: 66/74 MP: 7/7
  3252 | D:5      | Found Loteh's Armour Boutique.
  3259 | D:5      | Bought a cursed +0 large shield for 49 gold pieces
  3259 | D:5      | Bought a +0 shield for 63 gold pieces
  3319 | D:5      | Found an iron altar of Okawaru.
  3568 | D:5      | Reached skill level 10 in Unarmed Combat
  3692 | D:5      | Noticed a two-headed ogre
  3784 | D:5      | Reached skill level 1 in Shields
  3942 | D:6      | Reached skill level 2 in Shields
  3990 | D:6      | Reached skill level 3 in Shields
  4104 | D:6      | Found an opulent altar of Gozag.
  4257 | D:6      | Found a white marble altar of Elyvilon.
  4361 | D:6      | Reached skill level 4 in Shields
  4836 | D:7      | Noticed a hippogriff
  4856 | D:7      | Killed a hippogriff
  4856 | D:7      | Reached skill level 5 in Shields
  4856 | D:7      | Reached XP level 9. HP: 77/80 MP: 8/8
  4914 | D:7      | Noticed Joseph
  4925 | D:7      | Killed Joseph
  4925 | D:7      | Reached skill level 6 in Shields
  5007 | D:7      | Found a hazy altar of Hepliaklqana.
  5097 | D:7      | Reached skill level 7 in Shields
  5201 | D:7      | Found a staircase to the Ecumenical Temple.
  5306 | D:7      | Found a burning altar of Makhleb.
  5307 | D:7      | Found a radiant altar of Vehumet.
  5316 | D:7      | Became a worshipper of Makhleb the Destroyer
  5759 | D:8      | Noticed Pikel
  5775 | D:8      | Killed Pikel
  5775 | D:8      | Reached skill level 8 in Shields
  6038 | D:8      | Reached XP level 10. HP: 83/88 MP: 9/9
  6057 | D:8      | Found a snail-covered altar of Cheibriados.
  6446 | D:8      | You fall through a shaft!
  6683 | D:9      | Found a stormy altar of Qazlal.
  6745 | D:9      | Reached * piety under Makhleb
  6837 | D:9      | HP: 2/88 [wight/enchanted morningstar (15)]
  6870 | D:10     | Entered Level 10 of the Dungeon
  7129 | D:9      | Reached skill level 9 in Shields
  7685 | D:9      | Noticed vishdafish's ghost (novice DrEE)
  7702 | D:9      | Killed vishdafish's ghost
  7702 | D:9      | Reached skill level 10 in Shields
  7912 | D:9      | Noticed a deep elf mage
  7919 | D:9      | Killed a deep elf mage
  8182 | D:10     | Found a staircase to the Orcish Mines.
  8189 | D:10     | Reached ** piety under Makhleb
  8305 | D:10     | Noticed a gargoyle
  8324 | D:10     | Killed a gargoyle
  8324 | D:10     | Reached XP level 11. HP: 94/94 MP: 13/13
  8368 | D:10     | Noticed a two-headed ogre
  8388 | D:10     | Killed a two-headed ogre
  8388 | D:10     | Reached skill level 5 in Evocations
  8485 | D:10     | Found Sorhaun's Assorted Antiques.
  8599 | D:10     | Noticed Snorg
  8614 | D:10     | Killed Snorg
  8755 | D:10     | Found a sacrificial altar of Ru.
  8914 | D:10     | Bought a scroll labeled AMETUK MENYT for 33 gold pieces
  8921 | D:10     | Got a transparent hat
  8933 | D:10     | Identified the -7 hat "Pexyvvuv" {Int+2} (You acquired it on level 10 of the Dungeon)
  9052 | D:11     | Noticed a two-headed ogre
  9061 | D:11     | Killed a two-headed ogre
  9281 | D:11     | Noticed a cyan ugly thing
  9302 | D:11     | Killed a cyan ugly thing
  9302 | D:11     | Reached skill level 11 in Shields
  9576 | D:11     | Noticed a two-headed ogre
  9583 | D:11     | Killed a two-headed ogre
  9626 | D:11     | Found a staircase to the Lair.
  9720 | D:11     | Noticed a two-headed ogre
  9736 | D:11     | Killed a two-headed ogre
  9826 | D:11     | Reached *** piety under Makhleb
  9831 | D:11     | Reached XP level 12. HP: 109/109 MP: 15/15
 10015 | D:11     | Reached skill level 5 in Fighting
 11021 | D:12     | Reached skill level 5 in Dodging
 11071 | D:12     | Noticed a vampire mage
 11073 | D:12     | Noticed a jiangshi
 11073 | D:12     | Noticed a jiangshi
 11074 | D:12     | Noticed a vampire mage
 11112 | D:12     | HP: 3/111 [orc wizard/magic dart (7)]
 11112 | D:12     | Killed from afar by a vampire mage

Skill      XL: |  1  2  3  4  5  6  7  8  9 10 11 12 |
---------------+-------------------------------------+-----
Unarmed Combat | 1 2 3 6 7 9 10 | 10.0
Shields        | 5 8 10 11 | 11.6
Evocations     | 4 5 |  5.8
Dodging        | 4 5 |  5.2
Fighting       | 4 5 |  5.6
Axes           | |  2.4
Throwing       | |  1.0

Action                   |  1- 3 |  4- 6 |  7- 9 | 10-12 || total
-------------------------+-------+-------+-------+-------++-------
Melee: Unarmed           |    88 |    76 |   369 |   626 ||  1159
       Hand axe          |     6 |       |       |       ||     6
       Punch             |       |     1 |     2 |       ||     3
Throw: Large rock        |       |       |       |     1 ||     1
 Abil: Evoke Berserk Rag |       |       |       |    13 ||    13
  Use: Scroll            |     5 |     2 |     8 |    10 ||    25
       Potion            |     4 |     3 |     2 |     6 ||    15
 Stab: Distracted        |       |     1 |     2 |     1 ||     4
       Sleeping          |       |       |     1 |     1 ||     2
  Eat: Chunk             |    16 |     8 |    35 |    52 ||   111
       Bread ration      |       |       |     1 |     1 ||     2
Armor: Robe              |    54 |    18 |   100 |   187 ||   359
Dodge: Dodged            |    45 |    28 |    98 |   228 ||   399
Block: Shield            |       |       |   105 |   324 ||   429
